Cogmind - Beta 16 @@@ ROGUE MODE // 2025.11.02 @ 12:00:31 Player: beans Result: Destroyed by D-53 Grenadier with Mini Grenade Launcher Performance ------------- Evolutions (3) 1500 Regions Visited (6) 1200 Robots Destroyed (50) 250 Value Destroyed (1391) 1391 Prototype IDs (26) 520 Alien Tech Used (0) 0 Bonus (279) 279 TOTAL SCORE: 5140 Bonus ------- High Alert Combat Kills 33 Aligned with FarCom 300 Friendly Fire -54 Cogmind --------- Core Integrity 0/700 Matter 157/300 Energy 99/100 System Corruption 7% Temperature Cool (0) Movement Core (50) Location -7/Factory Parts ------- > --- POWER (1) -------- (None) > --- PROPULSION (3) --- (None) > --- UTILITY (7) ------ Advanced Terrain Scan Processor Advanced Terrain Scan Processor Advanced Terrain Scan Processor Advanced Targeting Computer > --- WEAPON (2) ------- (None) > --- INVENTORY (5) ---- Heavy Missile Launcher Field Lobotomy Kit (5) Plasma Cutter Katana Peak State ------------ > --- POWER ------------ Cooled Deuterium Engine > --- PROPULSION ------- Improved VTOL Module Improved VTOL Module Xenon Bombardment Thruster > --- UTILITY ---------- Improved Terrain Scanner Advanced Terrain Scan Processor Advanced Terrain Scan Processor Advanced Terrain Scan Processor Advanced Targeting Computer Transmission Jammer System Shield > --- WEAPON ----------- Katana > --- INVENTORY -------- Gauss Rifle Advanced Assault Cannon Heavy Missile Launcher Field Lobotomy Kit Plasma Cutter [Rating: 47] Favorites ----------- Power Ion Engine Engine Ion Engine Power Core Light Nuclear Core Propulsion Titanium Leg Treads Light Treads Leg Titanium Leg Flight Unit Xenon Bombardment Thruster Utility Advanced Terrain Scan Processor Device Improved Terrain Scanner Storage Small Storage Unit Processor Advanced Terrain Scan Processor Hackware System Shield Weapon Assault Cannon Energy Cannon Heavy Particle Cannon Ballistic Gun Assault Rifle Ballistic Cannon Assault Cannon Launcher Heavy Missile Launcher Slashing Weapon Katana Build | -11 -10 -10 -10 -9 -8 -7 ------- Run | Yrd Mat Min Exi Min Mat Fac Slots Evolved 6 | . . . . . 4 2 Power . | . . . . . . . Propulsion 1 | . . . . . 1 . Utility 5 | . . . . . 3 2 Weapon . | . . . . . . . Parts Attached 53 | 5 . . . 2 32 14 Power 7 | 1 . . . . 4 2 Engine 5 | 1 . . . . 2 2 Core 2 | . . . . . 2 . Reactor . | . . . . . . . Propulsion 13 | 2 . . . . 7 4 Treads 2 | 2 . . . . . . Leg 6 | . . . . . 6 . Wheel . | . . . . . . . Hover . | . . . . . . . Flight 5 | . . . . . 1 4 Utility 15 | . . . . 1 11 3 Device 5 | . . . . . 3 2 Storage 1 | . . . . . 1 . Processor 8 | . . . . 1 6 1 Hackware 1 | . . . . . 1 . Protection . | . . . . . . . Artifact . | . . . . . . . Weapon 18 | 2 . . . 1 10 5 Energy Gun . | . . . . . . . Energy Cannon 2 | . . . . . 2 . Ballistic Gun 8 | 2 . . . 1 4 1 Ballistic Cannon 5 | . . . . . 2 3 Launcher 2 | . . . . . 1 1 Special Weapon . | . . . . . . . Impact Weapon . | . . . . . . . Slashing Weapon 1 | . . . . . 1 . Piercing Weapon . | . . . . . . . Special Melee Weapon . | . . . . . . . Unidentified Prototypes 3 | . . . . . 1 2 Parts Lost 23 | . . . . 3 11 9 Power 3 | . . . . . 2 1 Propulsion 6 | . . . . 2 2 2 Utility 6 | . . . . . 2 4 Weapon 8 | . . . . 1 5 2 Highest Loss Streak 8 | . . . . 3 5 8 To Critical Strikes . | . . . . . . . Average Backups 3 | . . 1 2 3 4 4 Power . | . . . . . . . Propulsion . | . . . . . . . Utility 1 | . . . . 1 1 . Weapon . | . . 1 2 1 . 2 Tool/Special . | . . . . . . . Unused Backups 3 | . . . . . . 3 Power . | . . . . . . . Propulsion . | . . . . . . . Utility 1 | . . . . . . 1 Weapon . | . . . . . . . Tool/Special 2 | . . . . . . 2 Average Slot Usage (%) 77 | . 71 71 71 61 81 78 Engine 6 | . 14 14 14 14 3 4 Core 2 | . . . . . 4 . Treads 6 | . 28 28 28 15 . . Leg 8 | . . . . . 16 . Flight 2 | . . . . . . 12 Device 6 | . . . . . 7 13 Processor 18 | . . . . 2 24 29 Hackware 5 | . . . . . 8 7 Energy Cannon 1 | . . . . . 3 . Ballistic Gun 11 | . 28 28 28 28 6 . Ballistic Cannon 4 | . . . . . 7 5 Peak Build Rating 47 | 5 5 5 6 6 41 47 Average Rating 23 | 3 5 5 5 5 29 36 On Entrance 7 | . 5 5 5 6 5 23 Avg Prop Armor Cover (%) . | . . . . . . . Naked Turns . | . . . . . . . Heaviest Build 23 | 8 8 8 8 8 20 23 Greatest Support 54 | 40 40 40 40 40 54 16 Greatest Overweight (x) 4 | . . . . 2 4 4 Average Overweight (x) . | . . . . . . . Largest Inventory Capacity 8 | 5 5 5 5 5 8 5 Average Capacity 5 | 5 5 5 5 5 5 5 Most Carried 8 | 2 . 2 5 5 8 5 Average Carried 4 | . . 1 2 4 5 4 Final Capacity 5 | 5 5 5 5 5 5 5 Final Carried 5 | . . 2 5 5 5 4 Class Distribution -------------------- 45% | Skirmisher 43% | Mutant 5% | Ninja 3% | Scout Dominant Class ---------------- Mutant | -10/Materials Mutant | -10/Mines Mutant | -10/Exiles Mutant | -9/Mines Skirmisher | -8/Materials Skirmisher | -7/Factory Resources | -11 -10 -10 -10 -9 -8 -7 ----------- Run | Yrd Mat Min Exi Min Mat Fac Matter Collected 1506 | 250 . 12 . 49 1015 180 Remotely . | . . . . . . . Salvage Created 1664 | . . 40 . . 1227 397 Parts 110 | . . 5 . . 75 30 Haulers Intercepted 5 | . . . . . 2 3 Recyclers Shooed . | . . . . . . . Parts Field Recycled . | . . . . . . . Retrieved Matter . | . . . . . . . Parts Self-Destructed . | . . . . . . . Prevented . | . . . . . . . Parts Restored . | . . . . . . . Kills | -11 -10 -10 -10 -9 -8 -7 ------- Run | Yrd Mat Min Exi Min Mat Fac Combat Hostiles Destroyed 38 | . . 3 . 1 28 6 Guns 9 | . . 3 . 1 5 . Cannons 29 | . . . . . 23 6 Classes Destroyed 13 | . . 1 . . 10 2 Worker 3 | . . . . . 1 2 Builder 4 | . . . . . 2 2 Hauler 5 | . . . . . 2 3 Recycler 2 | . . . . . 1 1 Operator 1 | . . . . . 1 . Watcher 1 | . . . . . 1 . Swarmer 10 | . . 3 . . 7 . Grunt 16 | . . . . . 16 . Brawler 1 | . . . . . 1 . Sentry 3 | . . . . . 3 . Hunter 2 | . . . . . 1 1 Programmer 1 | . . . . . . 1 Assembled 4 | . . . . . . 4 Best Kill Streak 6 | . . 3 . 1 6 4 Combat Bots Only 6 | . . 3 . 1 6 4 Max Kills in Single Turn 2 | . . 2 . 1 2 2 Gunslinging 1 | . . 1 . . . . Exploded . | . . . . . . . Melee . | . . . . . . . Uniques/NPCs Destroyed 1 | . . . . 1 . . YI-UF0 (-9/Mines) Combat | -11 -10 -10 -10 -9 -8 -7 -------- Run | Yrd Mat Min Exi Min Mat Fac Hostile Shots Fired 310 | . . 8 . 24 193 85 Missed 88 | . . 2 . 7 51 28 Hits 222 | . . 6 . 17 142 57 Melee 6 | . . . . . 1 5 Projectile 216 | . . 6 . 17 141 52 AOE 29 | . . . . 20 . 9 Critical Strikes 7 | . . . . . 7 . Part Disruptions 1 | . . . . . . 1 Damage Taken 3981 | . . 46 . 649 1772 1514 Core 1287 | . . 8 . 190 388 701 Absorbed by Shields . | . . . . . . . Core Remaining (%) 49 | 100 . . . 20 29 . Volleys Fired 138 | . . 4 . 10 107 17 Largest 2 | . . 2 . 2 2 2 Hottest 103 | . . 40 . 40 103 80 Shots Fired 248 | . . 8 . 20 190 30 Gun 82 | . . 8 . 20 54 . Cannon 165 | . . . . . 136 29 Launcher 1 | . . . . . . 1 Special . | . . . . . . . Kinetic 223 | . . 8 . 20 166 29 Thermal 23 | . . . . . 23 . Explosive 1 | . . . . . . 1 Electromagnetic 1 | . . . . . 1 . Robot Hit Streak 20 | . . 5 . 4 20 5 Robot Miss Streak 5 | . . 2 . 2 5 3 Penetration Max . | . . . . . . . Secondary Targets 1 | . . 1 . . . . Max Gunslinging Chain 1 | . . 1 . . . . Shots Hit Robots 155 | . . 5 . 14 110 26 Core Hits 78 | . . 4 . 4 57 13 Critical Kills . | . . . . . . . Critical Parts Destroyed 1 | . . . . . 1 . Critical Strikes 6 | . . . . . 4 2 Destroy 1 | . . . . . 1 . Blast 4 | . . . . . 3 1 Sever 1 | . . . . . . 1 Melee Attacks 20 | . . . . . 1 19 Impact . | . . . . . . . Slashing 20 | . . . . . 1 19 Piercing . | . . . . . . . Sneak Attacks 6 | . . . . . . 6 Combat Hostiles . | . . . . . . . Follow-up Attacks . | . . . . . . . Damage Inflicted 3682 | . . 55 . 137 2479 1011 Guns 723 | . . 55 . 137 531 . Cannons 2291 | . . . . . 1948 343 Explosions 22 | . . . . . . 22 Melee 646 | . . . . . . 646 Ramming . | . . . . . . . Kinetic 2671 | . . 55 . 137 2136 343 Thermal 325 | . . . . . 325 . Explosive 22 | . . . . . . 22 Electromagnetic 18 | . . . . . 18 . Impact . | . . . . . . . Slashing 646 | . . . . . . 646 Piercing . | . . . . . . . Highest Corruption 7 | . . . . . . 7 Average Corruption 3 | . . . . . . 3 Corruption Purged . | . . . . . . . Corruption Blocked . | . . . . . . . Effects 2 | . . . . . . 2 Matter Fused 1 | . . . . . . 1 Data Loss (minor) 1 | . . . . . . 1 Overload Shots . | . . . . . . . Overflow Damage 85 | . . . . . 22 63 Projectiles 37 | . . . . . 22 15 Explosions 48 | . . . . . . 48 Melee . | . . . . . . . Knockbacks 29 | . . . . . 26 3 Impact . | . . . . . . . Kinetic 23 | . . . . . 20 3 Secondary 6 | . . . . . 6 . Self-Inflicted Damage 100 | . . . . . . 100 Shots 1 | . . . . . . 1 Rammed . | . . . . . . . Targets Rammed . | . . . . . . . Kicked . | . . . . . . . Crushed . | . . . . . . . Highest Temperature 147 | . . . . . 147 12 Average Temperature 34 | . . . . . 39 4 Received Heat Transfer 837 | . . . . . 747 90 Siege Activations . | . . . . . . . Martial Activations . | . . . . . . . Shielding Activations . | . . . . . . . Robots Disrupted . | . . . . . . . Combat Hostiles . | . . . . . . . Robots Corrupted . | . . . . . . . Combat Hostiles . | . . . . . . . Parts Fried . | . . . . . . . Impact Corruptions . | . . . . . . . Robots Melted . | . . . . . . . Combat Hostiles . | . . . . . . . Parts Melted 1 | . . . . . 1 . Heat Transferred 481 | . . . . . 481 . Parts Sabotaged . | . . . . . . . Parts Stolen . | . . . . . . . Parts Stripped . | . . . . . . . Power Chain Reactions . | . . . . . . . Alert | -11 -10 -10 -10 -9 -8 -7 ------- Run | Yrd Mat Min Exi Min Mat Fac Maximum Alert Level 2 | . . . . . 2 1 Low Security (%) 86 | 100 100 100 . 100 79 94 Level 1 9 | . . . . . 13 5 Level 2 4 | . . . . . 6 . Level 3 . | . . . . . . . Level 4 . | . . . . . . . Level 5 . | . . . . . . . High Security . | . . . . . . . Max Security . | . . . . . . . Peak Influence 460 | . . 70 . . 460 207 Initial 207 | . . . . . . 207 Average 74 | . . 14 . . 93 90 Influence Increases 1250 | . . 70 . . 975 205 Destroy 0b10 Robot/C 660 | . . 60 . . 560 40 Destroy 0b10 Robot/NC 80 | . . . . . 40 40 Destroy Leader 162 | . . 10 . . 126 26 Successful Hack 12 | . . . . . 12 . Disable Machine 150 | . . . . . 105 45 Destroy Structure 66 | . . . . . 27 39 Lose Combat Pursuer 120 | . . . . . 105 15 Influence Decreases 1230 | . . 70 . . 517 643 Entered New Map 251 | . . . . . . 251 Time Decay 807 | . . 70 . . 425 312 Lost Part 172 | . . . . . 92 80 Squads Dispatched 12 | . . . . . 9 3 Investigation 2 | . . . . . 2 . Extermination 2 | . . . . . . 2 Reinforcement 5 | . . . . . 4 1 Assault . | . . . . . . . Garrison 3 | . . . . . 3 . Intercept . | . . . . . . . Searches Triggered . | . . . . . . . Construction Impeded 1 | . . . . . 1 . Haulers Reinforced 1 | . . . . . . 1 Active Scanning Responses . | . . . . . . . Cargo Convoy Interrupts . | . . . . . . . Stealth | -11 -10 -10 -10 -9 -8 -7 --------- Run | Yrd Mat Min Exi Min Mat Fac Distress Signals 6 | . . . . . 3 3 Communications Jammed . | . . . . . . . Distress Signals . | . . . . . . . Times Spotted 67 | . . 3 . 1 46 17 Peak Tracking Total 6 | . . 1 . 1 6 5 Tactical Retreats 5 | . . . . . 4 1 Traps | -11 -10 -10 -10 -9 -8 -7 ------- Run | Yrd Mat Min Exi Min Mat Fac Traps Triggered 2 | . . . . . 1 1 Indirectly . | . . . . . . . Trap Hack Attempts . | . . . . . . . Triggered . | . . . . . . . Disarmed . | . . . . . . . Reprogrammed . | . . . . . . . Reused . | . . . . . . . Traps Extracted . | . . . . . . . Installed . | . . . . . . . Triggered . | . . . . . . . Machines | -11 -10 -10 -10 -9 -8 -7 ---------- Run | Yrd Mat Min Exi Min Mat Fac Machines Disabled 10 | . . . . . 7 3 Max in Single Turn 2 | . . . . . 1 2 Machines Repaired . | . . . . . . . Machines Dismantled . | . . . . . . . Machines Sabotaged . | . . . . . . . Overloaded Fab Kills . | . . . . . . . Hacking | -11 -10 -10 -10 -9 -8 -7 --------- Run | Yrd Mat Min Exi Min Mat Fac Machines Accessed 2 | . . . 1 . 1 . Terminals . | . . . . . . . Fabricators . | . . . . . . . Repair Stations 1 | . . . . . 1 . Recycling Units . | . . . . . . . Scanalyzers . | . . . . . . . Garrison Access . | . . . . . . . Total Hacks 4 | . . . 1 . 3 . Successful 2 | . . . 1 . 1 . Failed 2 | . . . . . 2 . Catastrophic . | . . . . . . . Database Lockouts . | . . . . . . . Manual 1 | . . . 1 . . . Terminals . | . . . . . . . Fabricators . | . . . . . . . Repair Stations 3 | . . . . . 3 . Recycling Units . | . . . . . . . Scanalyzers . | . . . . . . . Garrison Access . | . . . . . . . Terminal Hacks 1 | . . . 1 . . . Proto ID Catalog 1 | . . . 1 . . . Fabricator Hacks . | . . . . . . . Repair Station Hacks 1 | . . . . . 1 . Scan Component 1 | . . . . . 1 . Recycling Unit Hacks . | . . . . . . . Scanalyzer . | . . . . . . . Garrison Access Hacks . | . . . . . . . Unauthorized Hacks . | . . . . . . . Terminals . | . . . . . . . Fabricators . | . . . . . . . Repair Stations . | . . . . . . . Recycling Units . | . . . . . . . Scanalyzers . | . . . . . . . Garrison Access . | . . . . . . . Data Cores Recovered . | . . . . . . . Used . | . . . . . . . Hacking Detections 1 | . . . . . 1 . Full Trace Events 1 | . . . . . 1 . Feedback Events . | . . . . . . . Feedback Blocked . | . . . . . . . Robot Schematics Acquired . | . . . . . . . Robots Built . | . . . . . . . Authchips . | . . . . . . . Time . | . . . . . . . Total Robot Build Rating . | . . . . . . . Part Schematics Acquired . | . . . . . . . Parts Built . | . . . . . . . Authchips . | . . . . . . . Time . | . . . . . . . Total Part Build Rating . | . . . . . . . Part Studies Acquired . | . . . . . . . Parts Repaired . | . . . . . . . Time . | . . . . . . . Parts Recycled . | . . . . . . . Recycled Matter . | . . . . . . . Retrieved Matter . | . . . . . . . Retrieved Components . | . . . . . . . Parts Scanalyzed . | . . . . . . . Part Schematics Acquired . | . . . . . . . Parts Damaged . | . . . . . . . Bothacking | -11 -10 -10 -10 -9 -8 -7 ------------ Run | Yrd Mat Min Exi Min Mat Fac Used RIF Installer . | . . . . . . . Robots Hacked . | . . . . . . . Non-combat . | . . . . . . . Combat . | . . . . . . . Robot Hacks Applied . | . . . . . . . Relay Couplers Released . | . . . . . . . Fabnet Peak Effective % . | . . . . . . . Robots Rewired . | . . . . . . . Allies Hacked . | . . . . . . . Hacks Repelled . | . . . . . . . Allies | -11 -10 -10 -10 -9 -8 -7 -------- Run | Yrd Mat Min Exi Min Mat Fac Total Allies 2 | . . 2 . . . . Largest Group 2 | . . 2 2 . . . Highest-Rated Group 44 | . . 44 44 . . . Highest-Rated Ally 31 | . . 31 31 . . . Total Orders . | . . . . . . . Ally Attacks . | . . . . . . . Total Damage . | . . . . . . . Kills . | . . . . . . . Allies Corrupted . | . . . . . . . Allies Melted . | . . . . . . . Intel | -11 -10 -10 -10 -9 -8 -7 ------- Run | Yrd Mat Min Exi Min Mat Fac Active Infowar (turns) 2434 | . . . . . 1747 687 Terrain 2372 | . . . . . 1747 625 Jamming 374 | . . . . . . 374 Robot Analysis Total . | . . . . . . . Derelict Logs Recovered 3 | . . 2 . 1 . . Drone Launches . | . . . . . . . Drone Recoveries . | . . . . . . . Exploration | -11 -10 -10 -10 -9 -8 -7 ------------- Run | Yrd Mat Min Exi Min Mat Fac Turns Passed 3993 | 56 52 357 371 294 2151 712 Spaces Moved 2373 | 40 33 209 230 170 1013 678 Core 374 | 15 . . . 80 275 4 Treads 587 | 25 33 209 230 90 . . Legs 622 | . . . . . 622 . Wheels . | . . . . . . . Hover . | . . . . . . . Flight 790 | . . . . . 116 674 Fastest Speed 30 | 50 160 160 160 150 40 30 Average Speed 119 | 118 160 160 160 155 127 70 Slowest Speed 315 | 160 160 160 160 160 250 315 Overloaded Moves . | . . . . . . . Propulsion Burnouts . | . . . . . . . Robots Hopped 4 | . . . . . . 4 Potential Cave-ins . | . . . . . . . Cave-ins Triggered 1 | . . . . . . 1 Exploration Rate (%) 37 | 3 8 51 61 60 60 22 Regions Visited 6 Branch Regions 3 Pre-discovered Areas 2 | . . 2 . . . . Known Exits Taken 1 | . . . . 1 . . Unknown Exits Taken 5 | 1 1 1 1 . 1 . Scrap Searched 1 | . . . . 1 . . Spaces Dug 14 | . . . . . 10 4 Terrain Destroyed 70 | . . . . . 27 43 Melee 5 | . . . . . 1 4 Projectile 28 | . . . . . 26 2 AOE 37 | . . . . . . 37 Terrain Rammed . | . . . . . . . Walls Destroyed . | . . . . . . . Machines Disabled . | . . . . . . . Actions | -11 -10 -10 -10 -9 -8 -7 --------- Run | Yrd Mat Min Exi Min Mat Fac Total 3254 | 49 32 225 233 182 1686 847 Wait 623 | . . 11 2 . 505 105 Move 2359 | 39 32 208 229 169 1012 670 Hop 4 | . . . . . . 4 Pick Up 19 | 5 . 2 2 1 5 4 Fast Attach 41 | . . . . 1 30 10 Attach 14 | 5 . . . 1 3 5 Detach 3 | . . . . . . 3 Swap 4 | . . . . . 2 2 Drop 29 | . . . . . 21 8 Fire 138 | . . 4 . 10 107 17 Melee 20 | . . . . . 1 19 Ram . | . . . . . . . Kick . | . . . . . . . Crush . | . . . . . . . Escape Stasis . | . . . . . . . Rewire . | . . . . . . . Trap . | . . . . . . . Miscellaneous . | . . . . . . . Route ------- -11/Scrapyard -10/Materials -10/Mines (discovered 2 exits: [*Mat] / *Exi) -10/Exiles -9/Mines -8/Materials -7/Factory (discovered 2 exits: [*Fac] / [*Low]) History --------- Turn | Location | Event 13 | -11/Scrapyard | Discovered new exit (range 15) 57 | -11/Scrapyard | Entered Materials 101 | -10/Materials | Discovered new exit (range 3) 109 | -10/Materials | Entered Mines 209 | -10/Mines | Learned location of Mines (-9) 305 | -10/Mines | Build established: Mutant 363 | -10/Mines | Discovered new exit (range 12) 420 | -10/Mines | Learned location of Storage (-7) 447 | -10/Mines | Deemed a non-threat by the Exiles lab entrance 447 | -10/Mines | Discovered new exit (range 5) 466 | -10/Mines | Entered Exiles 466 | -10/Exiles | Accompanied by 2 allies 496 | -10/Exiles | Led the pair of lost Derelicts to a safe place 510 | -10/Exiles | Met 8R-AWN 537 | -10/Exiles | Met EX-HEX 579 | -10/Exiles | Met EX-BIN 598 | -10/Exiles | Aligned with FarCom system 600 | -10/Exiles | Given EX-Vault access code 638 | -10/Exiles | Opened EX-Vault 648 | -10/Exiles | Found Field Lobotomy Kit 682 | -10/Exiles | Warned to stay clear of 0b10 Research branches 727 | -10/Exiles | Met EX-DEC 818 | -10/Exiles | Discovered new exit (range 14) 837 | -10/Exiles | Left Exiles lab with Field Lobotomy Kit 837 | -10/Exiles | Entered Mines 927 | -9/Mines | Identified exit to Materials 980 | -9/Mines | YI-UF0 nonchalantly dropped a Grenade Launcher on the ground 1001 | -9/Mines | Core integrity fell below 50% 1008 | -9/Mines | Destroyed YI-UF0 1039 | -9/Mines | Lost 3 parts (2n1w) 1131 | -9/Mines | Entered Materials 1131 | -8/Materials | Evolved 4 slots: Propulsion x1, Utility x3 1600 | -8/Materials | Lost 3 parts (1u2w) 1953 | -8/Materials | Build established: Skirmisher 2147 | -8/Materials | Discovered new exit (range 16) 2688 | -8/Materials | Garrison activated, responded to threat 2845 | -8/Materials | Core integrity fell below 50% 3238 | -8/Materials | Lost 5 parts (1p2n2w) 3282 | -8/Materials | Entered Factory 3282 | -7/Factory | Evolved 2 slots: Utility x2 3303 | -7/Factory | Discovered new exit (range 15) 3897 | -7/Factory | Assembled infested ambush trap array 3965 | -7/Factory | Crushed by falling debris 3965 | -7/Factory | Core integrity fell below 50% 3975 | -7/Factory | Discovered new exit (range 9) 3979 | -7/Factory | Core integrity fell below 20% 3994 | -7/Factory | Destroyed by D-53 Grenadier with Mini Grenade Launcher Last Messages --------------- Nuclear Reactor explodes. Destroyed Shock Rifle. P-60 Hacker destroyed. Xenon Bombardment Thruster destroyed. Destroyed Xenon Bombardment Thruster. The unstable cave ceiling collapses. Neutrino Reactor explodes. The unstable cave ceiling collapses. Crushed by falling debris. Gauss Cannon destroyed. System corrupted by crushing effect (+3). The unstable cave ceiling collapses. Adv. Assault Cannon destroyed. Deuterium Engine destroyed. Transmission Jammer destroyed. The unstable cave ceiling collapses. EXIT=FOUND System corrupted: Component data lost. System Shield destroyed. Imp. VTOL Module destroyed. Map ----- +----------------------------------------------------+ | + #?#?????????????????????????????? | | ?? # #??#????????????????????????????? | | # ###?????????????????????????????? | | ############ ###?? ??????????????????????????? | | """" # ## ??????????????????????????? | | = ""S"" # ??????????????????????????? | | "" ""!# ????????????????????????? | | *%=# ??????????????????????? | | =%+! +????????????????????? | | ! == # ? #????????????????????? | | != """=# ?????????????????????? | | """ # ? ?????????????????????? | | """ # ### #?????????????????????? | | ##########?## #?????????????????????? | | ! ############# #?????????????????????? | | ########?#?## #?????????????????????? | | ####################?# #?????????????????????? | | ###################### #?????????????????????? | | ########## """""" #?????????????????????? | | ########## """""" #?????????????????????? | | ########## """""" #?????????????????????? | | ########## """""" #?????????????????????? | | ##?####### p +?????????????????????? | | ########## ] #?????????????????????? | | ##########[ d #?????????#???????????? | | ######?############### Y @ ####?#?#?#??#??#??????? | | #########??????????# d #????#????####??????? | | ##########????#????# #???##???#????#?#???? | | #####?#####?#??#???# #???###??#???#?#????? | | ?###?####?#??#?#???# #?##?##???????####??? | | #############?##??## < ##??##?##??#?#####?#? | | #####?########?##### ########?#####?###??? | | #################??# ###??#?#?##?#??##???? | | ##########??######## #########?### ?? ? | | #############?###?# ## # #####? ??? | | ################### #### # ## "?"?"?" | | #############?### ## """?""" | | ################# ] # """ """ | | ########## # "" "" | | "" # ###### ] ## "" "" | | """ + ######! ## | | ]] R" # ###### ##+###### | | ] """ ## ####### | | ## ####### | | ## ####### ]# | | ## ################### # | | ## ########## % # | | ###+##### ########## """ ##! % # | | ######### """ ####/ | | + """ === # | +----------------------------------------------------+ Best States ------------- Heat Dissipation 34 Energy Generation 18 Energy Capacity 275 Matter Stores 300 Matter Capacity 300 Sight Range 16 Terrain Scan Range 16 Terrain Scan Density 610 Jamming Range 12 Evasion (%) 64 Targeting Accuracy 8 Recoil Reduction 2 Defensive Hacking 10 Item Schematics ----------------- None Robot Schematics ------------------ None Fabricated ------------ Nothing Repaired ---------- Nothing Studied --------- None Alien Tech Used ----------------- None Achievements -------------- None Challenges ------------ None Game ------ Seed AccelerationSystemPenetrator Manual? 0 Play Time 00:25:11 Cumulative 203.7 hours Start 2025.10.31 @ 10:47:55 End 2025.11.02 @ 12:00:31 Sessions 2 Manual Loads 0 Difficulty Rogue Special Mode None Game No. 593 Rogue 592 Adventurer 1 Explorer 0 Win Type - Total 0 Types 0/0/0/0/0/0/0/0/0/0 Lore% 64 Gallery% 60 Achievement% 36 Wizard Run 0 Options --------- Layout 1 ASCII 0 Keyboard 0 Movement Mouse Keybinds 0 Fullscreen 1 Font 24/Smallcaps Map View 50x35 Zoom Use 0% Tactical HUD 0 Map Filters NONE Filters NONE Steam 1 RUN: 9ae32380-8584-4041-a4d7-d07643cc0ef2